 Dungeon Crawl Stone Soup version 0.19.0-1-g5985abe (webtiles) character file.

1206 varam the Quickloader (level 8, -2/49 HPs)
             Began as a Kobold Hunter on Nov 2, 2016.
             Slain by Grinder (4 damage)
             ... while paralysed by Grinder
             ... on level 4 of the Dungeon.
             The game lasted 00:14:17 (7461 turns).

varam the Quickloader (Kobold Hunter)               Turns: 7461, Time: 00:14:17

Health: -2/49      AC:  6    Str: 12    XL:     8   Next: 73%
Magic:  8/8        EV:  3    Int: 12    God:
Gold:   269        SH:  0    Dex: 15    Spells: 0 memorised, 7 levels left

rFire  . . .     SeeInvis .     r - +2 dagger (drain)
rCold  . . .     Gourm    .     A - +0 ring mail
rNeg   . . .     Faith    .     (shield restricted)
rPois  .         Spirit   .     n - +0 helmet
rElec  .         Reflect  .     (no cloak)
rCorr  .         Harm     .     (no gloves)
MR     .....                    (no boots)
Stlth  +++.......               (no amulet)
                                (no ring)
                                t - +2 ring of slaying

@: paralysed
A: carnivore 3
a: no special abilities


You were on level 4 of the Dungeon.
You were very full.

You visited 1 branch of the dungeon, and saw 5 of its levels.

You collected 269 gold pieces.

Inventory:

Hand Weapons
 c - a +1 dagger of holy wrath
 r - a +2 dagger of draining (weapon)
 x - a +1 hand crossbow
 z - a +2 dagger of freezing
Missiles
 b - 225 stones (quivered)
 m - 15 bolts
Armour
 n - a +0 helmet (worn)
 A - a +0 ring mail (worn)
Jewellery
 t - a +2 ring of slaying (left hand)
Scrolls
 i - a scroll of enchant armour {unknown}
 j - a scroll of magic mapping {unknown}
 l - 3 scrolls of identify
 u - a scroll of amnesia {unknown}
 w - 3 scrolls of blinking {unknown}
 y - a scroll of fog {unknown}
Potions
 a - a potion of mutation {unknown}
 d - a potion of heal wounds {unknown}
 e - 2 potions of invisibility {unknown}
 h - 4 potions of curing {unknown}
 k - a potion of resistance {unknown}
 p - a potion of brilliance {unknown}
 q - a potion of degeneration {unknown}
Comestibles
 f - 3 meat rations
 g - 3 slices of pizza
 o - 2 royal jellies


   Skills:
 - Level 5.0 Fighting
 + Level 4.5 Short Blades
 + Level 8.5 Crossbows
 - Level 2.4 Dodging
 + Level 8.1 Stealth


You had 7 spell levels left.
You didn't know any spells.

Dungeon Overview and Level Annotations

Branches:
Dungeon (5/15)
 Temple: D:4-7

Altars:
Elyvilon
Gozag
Makhleb
Nemelex Xobeh
Vehumet

Annotations:
D:4 Grinder


Innate Abilities, Weirdness & Mutations

You are small and have problems with some larger weapons.
You are carnivorous and can eat meat at any time.


Message History

* * * LOW HITPOINT WARNING * * *
You writhe in agony.
* * * LOW HITPOINT WARNING * * *
Grinder barely misses you.
You can move again.
You climb upwards.
There is a stone staircase leading down here.
You puncture Grinder!
Grinder is severely wounded.
You closely miss Grinder.
Grinder is severely wounded.
Grinder barely misses you.
You closely miss Grinder.
Grinder is severely wounded.
Grinder gestures at you.
You suddenly lose the ability to move!
Grinder hits you.
* * * LOW HITPOINT WARNING * * *
You writhe in agony.
You die...

#.#### #.# #.# #.# ## #.#
#. ############# #.# #.
##...........######.###.
###.....5.................
#........@.....##.#######.
#.#....######..##.# #.
#.##.#.##.###..##.# #.
#.##.#.#.#.##.....# #.
#.##.#..###....##.# #.
#.##.#.#.#........# #.
#.##.....).##..##.#######.
#.##...........##.........
#.##.#....###.#######..###


You could see Grinder.

Vanquished Creatures
  An ice beast (D:5)
  3 ogres
  A centaur (D:5)
  A scorpion (D:5)
  2 howler monkeys (D:4)
  2 crimson imps (D:5)
  2 orc priests
  2 centaur skeletons
  A hound (D:4)
  An iguana (D:4)
  Terence (D:3)
  3 orc wizards
  2 worker ants (D:4)
  A hound skeleton (D:5)
  11 adders
  2 oozes
  4 worms
  3 dart slugs
  2 leopard geckos
  18 orcs
  A ball python (D:4)
  3 bats
  3 giant cockroaches
  7 goblins
  6 hobgoblins
  11 jackals
  2 quokkas (D:4)
  5 frilled lizards
  7 kobolds
  A quokka skeleton (D:5)
  A quokka zombie (D:5)
  8 rats
118 creatures vanquished.

Vanquished Creatures (others)
  An orc wizard (D:5)
1 creature vanquished.

Grand Total: 119 creatures vanquished

Notes
Turn   | Place    | Note
-------+----------+-------------------------------------------
     0 | D:1      | varam the Kobold Hunter began the quest for the Orb.
     0 | D:1      | Reached XP level 1. HP: 12/12 MP: 1/1
    61 | D:1      | Reached skill level 5 in Crossbows
   417 | D:1      | Reached XP level 2. HP: 17/17 MP: 2/2
   549 | D:1      | Reached skill level 2 in Stealth
   549 | D:1      | Reached XP level 3. HP: 21/21 MP: 3/3
  1500 | D:2      | Reached skill level 3 in Stealth
  1500 | D:2      | Reached XP level 4. HP: 21/26 MP: 4/4
  1532 | D:2      | Reached skill level 6 in Crossbows
  1950 | D:2      | Found a radiant altar of Vehumet.
  2028 | D:2      | Reached XP level 5. HP: 27/30 MP: 5/5
  2064 | D:2      | Reached skill level 4 in Stealth
  3293 | D:3      | Noticed Terence
  3309 | D:3      | Killed Terence
  3774 | D:3      | Found an opulent altar of Gozag.
  4169 | D:4      | Found a white marble altar of Elyvilon.
  4177 | D:4      | Reached XP level 6. HP: 36/36 MP: 6/6
  4531 | D:2      | HP: 3/36 [dart slug/slug dart (5)]
  4532 | D:2      | Reached skill level 5 in Stealth
  5075 | D:3      | Reached skill level 3 in Fighting
  5215 | D:4      | Reached skill level 7 in Crossbows
  5527 | D:4      | Found a sparkling altar of Nemelex Xobeh.
  5700 | D:4      | Reached XP level 7. HP: 32/42 MP: 7/7
  5768 | D:4      | Found a burning altar of Makhleb.
  5928 | D:5      | Entered Level 5 of the Dungeon
  5932 | D:5      | Noticed Grinder
  5971 | D:4      | Reached skill level 4 in Fighting
  5971 | D:4      | Reached skill level 1 in Short Blades
  5971 | D:4      | Reached skill level 6 in Stealth
  6080 | D:4      | Reached skill level 2 in Short Blades
  6646 | D:5      | Reached XP level 8. HP: 44/48 MP: 8/8
  6689 | D:5      | Reached skill level 3 in Short Blades
  6694 | D:5      | Reached skill level 7 in Stealth
  6921 | D:5      | Reached skill level 8 in Crossbows
  6985 | D:5      | Reached skill level 5 in Fighting
  7006 | D:5      | Reached skill level 4 in Short Blades
  7254 | D:5      | Reached skill level 8 in Stealth
  7444 | D:5      | Paralysed by Grinder for 6 turns
  7452 | D:5      | Paralysed by Grinder for 5 turns
  7455 | D:5      | HP: 3/49 [Grinder (2)]
  7460 | D:4      | Paralysed by Grinder for 4 turns
  7461 | D:4      | HP: 2/49 [Grinder (2)]
  7461 | D:4      | Slain by Grinder

Skill      XL: |  1  2  3  4  5  6  7  8 |
---------------+-------------------------+-----
Crossbows      | 5 6 7 8 |  8.5
Stealth        | 2 3 4 5 6 8 |  8.1
Fighting       | 3 4 5 |  5.0
Short Blades   | 2 4 |  4.5
Dodging        | |  2.4

Action                   |  1- 3 |  4- 6 |  7- 9 || total
-------------------------+-------+-------+-------++-------
Melee: Short sword       |    65 |    71 |       ||   136
       Dagger            |       |    56 |   154 ||   210
 Fire: Hand crossbow     |    56 |    78 |    27 ||   161
Throw: Stone             |     6 |    15 |       ||    21
  Use: Scroll            |       |       |     3 ||     3
 Stab: Sleeping          |       |     5 |     1 ||     6
  Eat: Chunk             |    10 |    13 |     5 ||    28
Armor: Leather armour    |    20 |    15 |     1 ||    36
       Ring mail         |       |    19 |    53 ||    72
Dodge: Dodged            |    66 |   113 |   141 ||   320
